 Dungeon Crawl Stone Soup version 0.29.1-12-g30fa7ad0bf (webtiles) character file.

Game seed: 4154890293357372806

21308 croobank the Destroyer (level 12, -7/92 HPs)
             Began as a Demonspawn Conjurer on Dec 23, 2022.
             Was an Initiate of Gozag.
             Mangled by a seven-headed hydra (9 damage)
             ... on level 3 of the Lair of Beasts.
             The game lasted 01:15:17 (18293 turns).

croobank the Destroyer (Demonspawn Conjurer)       Turns: 18293, Time: 01:15:18

Health: -7/92      AC: 10    Str:  9    XL:     12   Next: 53%
Magic:  0/32       EV: 14    Int: 33    God:    Gozag
Gold:   864        SH:  4    Dex: 12    Spells: 8/26 levels left

rFire   + . .      SeeInvis +   J - +4 scimitar (flame)
rCold   + . .      Faith    .   e - +1 buckler of the Wilderness {+Blink Int+3}
rNeg    . . .      Spirit   +   v - +0 robe
rPois   +          Reflect  .   (helmet restricted)
rElec   .          Harm     .   D - +2 cloak
rCorr   .          Rampage  .   (no gloves)
Will    .....                   t - +1 pair of boots of the First Snow {rF+ rC+ MP+9}
Stlth   +++++.....              s - amulet of guardian spirit
HPRegen 0.25/turn               O - ring of poison resistance
MPRegen 0.23/turn               H - ring of Lokytibrod {*Corrode Str+2 Int+5 SInv Stlth+}

@: no status effects
A: horns 2, thin metallic scales 2, powered by death 2
a: Renounce Religion, Evoke Blink, Potion Petition, Call Merchant, Bribe Branch


You were on level 3 of the Lair of Beasts.
You worshipped Gozag.
Gozag was pleased with you.
You visited 3 branches of the dungeon, and saw 14 of its levels.

You collected 2519 gold pieces.
You spent 1203 gold pieces at shops.
You paid 452 gold pieces to Gozag.

Inventory:

Hand Weapons
 a - a +1 dagger of speed
 b - a +2 vorpal dire flail
 d - a +0 vorpal war axe
 j - a +2 short sword of venom
 w - the +8 mace "Hekk" {venom, rElec Int+3}
   (You found it on level 6 of the Dungeon)

   It poisons the flesh of those it strikes.
   Int:       It affects your intelligence (+3).
   rElec:     It insulates you from electricity.
 J - a +4 scimitar of flaming (weapon)
 M - a +1 short sword of venom
Missiles
 g - a throwing net
Armour
 e - the +1 buckler of the Wilderness (worn) {+Blink Int+3}
   (You bought it in a shop on level 7 of the Dungeon)

   Int:       It affects your intelligence (+3).
   +Blink:    It lets you blink.
 t - the +1 pair of boots of the First Snow (worn) {rF+ rC+ MP+9}
   (You acquired it on level 5 of the Dungeon)

   rF:        It protects you from fire.
   rC:        It protects you from cold.
   MP:        It affects your magic capacity (+9).
 v - a +0 robe (worn)
 D - a +2 cloak (worn)
Magical Staves
 B - a staff of conjuration
 F - a staff of earth
Jewellery
 f - a ring of see invisible
 k - a ring of magical power
 l - a ring of protection from fire
 s - an amulet of guardian spirit (around neck)
 u - a +4 ring of protection
 A - a +6 ring of strength
 H - the ring of Lokytibrod (right hand) {*Corrode Str+2 Int+5 SInv Stlth+}
   (You found it on level 9 of the Dungeon)

   [ring of see invisible]

   Str:       It affects your strength (+2).
   Int:       It affects your intelligence (+5).
   SInv:      It lets you see invisible.
   *Corrode:  It may corrode you when you take damage.
   Stlth:     It makes you more stealthy.
 O - a ring of poison resistance (left hand)
Wands
 r - a wand of mindburst (27)
 I - a wand of paralysis (3)
Scrolls
 c - 3 scrolls of teleportation
 m - 3 scrolls of amnesia
 z - a scroll of immolation
 C - a scroll of torment
 E - a scroll of magic mapping
 N - 3 scrolls of identify
Potions
 h - 3 potions of berserk rage
 i - 2 potions of lignification
 n - a potion of brilliance
 o - 5 potions of attraction
 p - 4 potions of cancellation
 q - 4 potions of haste
 x - a potion of magic
 G - 3 potions of mutation
 K - a potion of flight
 L - a potion of curing
 P - a potion of invisibility


   Skills:
 + Level 7.6 Fighting
 + Level 6.1 Maces & Flails
 + Level 7.5 Dodging
 + Level 8.3 Stealth
 + Level 7.7 Spellcasting
 + Level 9.0 Conjurations
 - Level 5.0 Hexes
 + Level 1.9 Translocations
 - Level 5.0 Air Magic
 - Level 5.0 Poison Magic


You had 8 spell levels left.
You knew the following spells:

 Your Spells              Type           Power      Damage    Failure   Level
a - Magic Dart            Conj           100%       1d8       1%          1
b - Searing Ray           Conj           100%       2d8       1%          2
c - Dazzling Flash        Conj/Hex       100%       N/A       1%          3
d - Mephitic Cloud        Conj/Pois/Air  53%        N/A       1%          3
e - Ensorcelled Hibernat  Hex/Ice        58%        N/A       2%          2
f - Stone Arrow           Conj/Erth      84%        3d12      2%          3
g - Iskenderun's Mystic   Conj/Tloc      48%        2d11      5%          4

Your spell library contained the following spells:

 Spells                   Type           Power      Damage    Failure   Level
 Apportation              Tloc           50%        N/A       2%          1
 Fulminant Prism          Conj/Hex       28%        3d14      2%          4
 Blink                    Tloc           50%        N/A       3%          2
 Beastly Appendage        Tmut           24%        N/A       4%          1
 Freeze                   Ice            48%        1d7       4%          1
 Sandblast                Erth           24%        2d8       4%          1
 Summon Small Mammal      Summ           48%        N/A       4%          1
 Spider Form              Tmut/Pois      29%        N/A       5%          3
 Gell's Gravitas          Tloc           25%        N/A       7%          3
 Lesser Beckoning         Tloc           25%        N/A       7%          3
 Teleport Other           Tloc           25%        N/A       7%          3
 Call Imp                 Summ           12%        N/A       8%          2
 Passwall                 Tmut/Erth      10%        N/A       8%          2
 Hailstorm                Conj/Ice       42%        3d10      8%          4
 Frozen Ramparts          Ice            24%        1d4       14%         3
 Anguish                  Hex/Necr       14%        N/A       17%         4
 Silence                  Hex/Air        22%        N/A       17%         5
 Dispel Undead            Necr           12%        3d9       43%         4
 Alistair's Intoxication  Tmut/Pois      19%        N/A       43%         5
 Manifold Assault         Tloc           25%        N/A       52%         5
 Agony                    Necr           12%        N/A       80%         5
 Death Channel            Necr           6%         N/A       100%        6
 Storm Form               Tmut/Air       14%        N/A       100%        7
 Corpse Rot               Necr/Pois/Air  Unusable   N/A       N/A         4

Dungeon Overview and Level Annotations

Branches:
Dungeon (10/15)            Temple (1/1) D:4            Lair (3/5) D:8
  Swamp (0/4) Lair:2        Snake (0/4) Lair:2          Orc (0/2) D:9

Altars:
Ashenzari
Cheibriados
Dithmenos
Gozag
Hepliaklqana
Kikubaaqudgha
Makhleb
Nemelex Xobeh
Okawaru
Qazlal
Ru
Sif Muna
Trog
Uskayaw
Vehumet
Wu Jian
Xom
Yredelemnul

Shops:
D:5 (?*=   D:7 [

Portals:
Abyss: D:4

Annotations:
D:4 2 transporters, wormed's ghost, amateur HOFi
D:10 Gastronok
Lair:1 1 runed translucent door, Ciasar's ghost, journeyman HOFi


Innate Abilities, Weirdness & Mutations

You have a pair of horns on your head.
You are mostly covered in thin metallic scales. (AC +3)
You regenerate health from kills.


Message History

The eight-headed hydra bites you but does no damage.
The eight-headed hydra barely misses you.
The eight-headed hydra bites you but does no damage.
You lop one of the eight-headed hydra's heads off!
The flame cauterises the wound!
You hit the seven-headed hydra. You burn the seven-headed hydra.
The seven-headed hydra is heavily wounded.
The seven-headed hydra bites you!
* * * LOW HITPOINT WARNING * * *
The seven-headed hydra bites you.
* * * LOW HITPOINT WARNING * * *
The seven-headed hydra bites you but does no damage.
The seven-headed hydra bites you!
* * * LOW HITPOINT WARNING * * *
The seven-headed hydra bites you but does no damage.
The seven-headed hydra bites you.
* * * LOW HITPOINT WARNING * * *
The seven-headed hydra barely misses you.
Casting: Searing Ray (safe; 1% risk of failure)
Confirm with . or Enter, or press ? or * to list all spells.
You erupt in a blast of force!
The mystic blast hits the seven-headed hydra!
The seven-headed hydra is heavily wounded.
The seven-headed hydra barely misses you.
The seven-headed hydra completely misses you.
The seven-headed hydra bites you but does no damage.
The seven-headed hydra bites you!
* * * LOW HITPOINT WARNING * * *
The seven-headed hydra closely misses you.
The seven-headed hydra misses you.
The seven-headed hydra barely misses you.
You fail to use your ability.
The seven-headed hydra misses you.
The seven-headed hydra bites you but does no damage.
The seven-headed hydra misses you.
The seven-headed hydra bites you but does no damage.
The seven-headed hydra bites you.
* * * LOW HITPOINT WARNING * * *
The seven-headed hydra bites you!
You die...
Your body crumbles into a pile of gold.

..$............
.............<.
#..............
#.............
#............
#............
##...D.......#
#.....@.....#
##.......##### P
###........# .
####......####.#
.# #........##
#..
..####.......#
...#
#.#......###.#
#.. ##......##
### P. #.....###


You could see a seven-headed hydra.

Vanquished Creatures
  A hydra (Lair:2)
  Erica (D:9)
  A two-headed ogre (D:8)
  3 death yaks (Lair:2)
  A bog body (Lair:2)
  Pikel (D:3)
  Joseph (D:7)
  A black mamba (Lair:1)
  7 cane toads
  3 komodo dragons
  2 rime drakes (Lair:1)
  2 trolls
  A polar bear (D:9)
  A slime creature (D:9)
  4 blink frogs (Lair:1)
  A wraith (D:10)
  A spriggan (shapeshifter) (D:9)
  5 wyverns
  An unseen horror simulacrum (D:9)
  Grum (D:8)
  3 hogs (D:7)
  A human (D:7)
  22 yaks
  2 steam dragons
  A vampire mosquito (D:10)
  3 nagas (Lair:2)
  Edmund (D:4)
  4 water moccasins
  5 orc warriors
  5 ice beasts
  A sky beast (D:7)
  14 wolves
  8 centaurs
  2 phantoms
  A lemure (D:3)
  A kobold brigand (D:10)
  2 necrophages
  9 bullfrogs
  4 scorpions
  4 electric eels
  3 howler monkeys
  6 hounds
  2 jellies (D:7)
  5 orc priests
  A gnoll bouda (D:10)
  5 iguanas
  7 orc wizards
  A centaur simulacrum (D:9)
  9 gnolls
  8 adders
  4 white imps
  A howler monkey simulacrum (D:9)
  2 ufetubi
  4 worms
  4 dart slugs
  25 orcs
  6 bats
  2 endoplasms (D:4)
  2 giant cockroaches
  7 goblins
  9 hobgoblins
  2 quokkas
  6 ball pythons
  4 frilled lizards
  8 kobolds
  6 rats
271 creatures vanquished.

Vanquished Creatures (others)
  An electric eel (D:8)
  An orc wizard (D:4)
  An orc (D:8)
  8 fungi
  10 plants
21 creatures vanquished.

Grand Total: 292 creatures vanquished

Notes
Turn   | Place    | Note
-------+----------+-------------------------------------------
     0 | D:1      | croobank the Demonspawn Conjurer began the quest for the
                  | Orb.
     0 | D:1      | Reached XP level 1. HP: 13/13 MP: 3/3
   315 | D:1      | Gained mutation: You have a pair of small horns on your
                  | head. [demonic ancestry]
   315 | D:1      | Reached XP level 2. HP: 19/19 MP: 0/5
   371 | D:1      | Learned a level 2 spell: Searing Ray
   737 | D:1      | Reached XP level 3. HP: 1/24 MP: 0/6
   741 | D:1      | Learned a level 3 spell: Dazzling Flash
  2251 | D:2      | Found a faded altar of an unknown god.
  2759 | D:3      | Reached XP level 4. HP: 30/30 MP: 2/7
  2999 | D:3      | Found a sparkling altar of Nemelex Xobeh.
  3621 | D:4      | Noticed a scorpion
  3628 | D:4      | Killed a scorpion
  3733 | D:4      | Gained mutation: You are partially covered in thin metallic
                  | scales. (AC +2) [demonic ancestry]
  3733 | D:4      | Reached XP level 5. HP: 36/36 MP: 2/9
  3737 | D:4      | Learned a level 3 spell: Mephitic Cloud
  3828 | D:4      | Reached skill level 1 in Fighting
  4006 | D:4      | Reached skill level 1 in Hexes
  4342 | D:4      | Noticed wormed's ghost (amateur HOFi)
  4366 | D:4      | Noticed a toenail golem
  4366 | D:4      | Noticed Edmund
  4375 | D:5      | Entered Level 5 of the Dungeon
  4394 | D:5      | Noticed a centaur
  4471 | D:4      | Killed Edmund
  4472 | D:4      | Reached skill level 1 in Air Magic
  4472 | D:4      | Reached skill level 1 in Poison Magic
  4472 | D:4      | Gained mutation: You are mostly covered in thin metallic
                  | scales. (AC +3) [demonic ancestry]
  4472 | D:4      | Reached XP level 6. HP: 15/43 MP: 2/10
  4685 | D:4      | Noticed a small abomination
  4689 | D:4      | Found a transporter.
  4697 | D:4      | Found a one-way gate to the infinite horrors of the Abyss.
  4720 | D:4      | Noticed Pikel
  5055 | D:3      | Killed Pikel
  5056 | D:3      | Reached skill level 5 in Conjurations
  5056 | D:3      | Gained mutation: You regenerate a little health from kills.
                  | [demonic ancestry]
  5056 | D:3      | Reached XP level 7. HP: 11/51 MP: 0/12
  5650 | D:4      | Found a staircase to the Ecumenical Temple.
  5659 | D:4      | Found a transporter.
  5670 | D:4      | Found a shimmering blue altar of Sif Muna.
  5676 | Temple   | Entered the Ecumenical Temple
  5724 | Temple   | Became a worshipper of Gozag Ym Sagoz the Greedy
  6030 | D:4      | Reached XP level 8. HP: 56/57 MP: 13/13
  6416 | D:5      | Found Josoheo's Magic Scroll Emporium.
  6480 | D:5      | Found Nesawih's Assorted Antiques.
  6481 | D:5      | Bought a scroll of identify for 20 gold pieces
  6481 | D:5      | Bought a scroll of identify for 20 gold pieces
  6481 | D:5      | Bought a scroll of identify for 20 gold pieces
  6528 | D:5      | Found Foif's Jewellery Shoppe.
  6754 | D:5      | Found Ahuarr's Weapon Shoppe.
  6924 | D:6      | Learned a level 2 spell: Ensorcelled Hibernation
  7026 | D:6      | Identified the +8 mace "Hekk" {venom, rElec Int+3}
  7599 | D:7      | Reached skill level 1 in Maces & Flails
  7919 | D:7      | Noticed Joseph
  7929 | D:7      | Killed Joseph
  7930 | D:7      | Gained mutation: You regenerate health from kills. [demonic
                  | ancestry]
  7930 | D:7      | Reached XP level 9. HP: 56/65 MP: 15/15
  7958 | D:7      | Found Pyamim's Antique Armour Boutique.
  7967 | D:7      | Bought a warped buckler for 228 gold pieces
  7967 | D:7      | Identified the +1 buckler of the Wilderness {+Blink Int+3}
                  | (You bought it in a shop on level 7 of the Dungeon)
  7993 | D:7      | Reached skill level 6 in Conjurations
  7998 | D:7      | Reached skill level 5 in Stealth
  8179 | D:7      | Found a broken altar of Ashenzari.
  8252 | D:7      | Found a sacrificial altar of Ru.
  8615 | D:8      | Found a stormy altar of Qazlal.
  8616 | D:8      | Found an iron altar of Okawaru.
  8616 | D:8      | Found a shadowy altar of Dithmenos.
  8636 | D:8      | Reached skill level 5 in Spellcasting
  8718 | D:8      | Reached skill level 5 in Dodging
  8744 | D:8      | Found a staircase to the Lair.
  8757 | D:8      | Identified a scroll of acquirement
  8757 | D:8      | Acquired a staff of conjuration
  8757 | D:8      | Noticed a troll
  8826 | D:8      | Learned a level 3 spell: Stone Arrow
  8975 | D:8      | Reached XP level 10. HP: 73/73 MP: 17/17
  8986 | D:8      | Noticed Grum
  9173 | D:8      | Killed Grum
  9279 | D:8      | Noticed a two-headed ogre
  9295 | D:8      | Killed a two-headed ogre
  9822 | D:9      | Reached skill level 5 in Fighting
  9822 | D:9      | Reached skill level 5 in Hexes
 10063 | D:9      | Reached skill level 5 in Poison Magic
 10309 | D:9      | Identified the ring of Lokytibrod {*Corrode Str+2 Int+5
                  | SInv Stlth+}
 10375 | D:9      | Noticed Erica
 10386 | D:9      | Killed Erica
 10387 | D:9      | Reached skill level 7 in Conjurations
 11289 | D:9      | Gained mutation: You have a pair of horns on your head.
                  | [demonic ancestry]
 11289 | D:9      | Reached XP level 11. HP: 68/80 MP: 10/20
 11312 | D:9      | Reached skill level 5 in Air Magic
 11380 | D:9      | Found a staircase to the Orcish Mines.
 11683 | D:5      | Bought a scroll of identify for 20 gold pieces
 11683 | D:5      | Bought a scroll of identify for 20 gold pieces
 11683 | D:5      | Bought a scroll of enchant weapon for 75 gold pieces
 11683 | D:5      | Bought a scroll of acquirement for 520 gold pieces
 11686 | D:5      | Acquired the +1 pair of boots of the First Snow {rF+ rC+
                  | MP+9}
 11840 | D:10     | Entered Level 10 of the Dungeon
 12250 | D:9      | Learned a level 4 spell: Iskenderun's Mystic Blast
 12766 | D:10     | Noticed Gastronok
 13392 | Lair:1   | Entered Level 1 of the Lair of Beasts
 13638 | D:5      | Bought a ring of poison resistance for 280 gold pieces
 13753 | Lair:1   | Found a runed translucent door.
 14055 | Lair:1   | Reached skill level 8 in Conjurations
 14317 | Lair:1   | Noticed Ciasar's ghost (journeyman HOFi)
 14355 | Lair:1   | Reached skill level 5 in Maces & Flails
 15816 | Lair:2   | Noticed a bog body
 15822 | Lair:2   | Killed a bog body
 15823 | Lair:2   | Reached XP level 12. HP: 91/91 MP: 20/22
 15857 | Lair:2   | Found a staircase to the Swamp.
 15869 | Lair:2   | Noticed a four-headed hydra
 15882 | Lair:2   | Killed a one-headed hydra
 15979 | Lair:2   | Found a staircase to the Snake Pit.
 16260 | Lair:2   | Got the Guidebook on the Mutated Comitatus
 16326 | Lair:2   | HP: 6/136 [komodo dragon (25)]
 16336 | Lair:2   | HP: 3/91 [cane toad (3)]
 16653 | Lair:2   | Reached skill level 1 in Translocations
 17383 | Lair:3   | Noticed a death yak
 17383 | Lair:3   | Noticed a death yak
 17398 | Lair:3   | Noticed a death yak
 17408 | Lair:2   | Killed a death yak
 17519 | Lair:2   | Killed a death yak
 17990 | Lair:2   | Killed a death yak
 18242 | Lair:3   | Reached skill level 9 in Conjurations
 18280 | Lair:3   | Noticed an eight-headed hydra
 18293 | Lair:3   | HP: 2/92 [seven-headed hydra (3)]
 18293 | Lair:3   | Mangled by a seven-headed hydra

Illustrated notes

Levels and vault maps discovered:
D:1:      nicolae_arrival_somewhat_less_tricky_arrival, layout_rooms,
          minmay_tromino_i4
D:2:      layout_loops_ring, ebering_ecumenical_altar_rust,
          wander_ebering_terrifying_dragon_lair
D:3:      layout_basic, mainiacjoe_overflow_brackets, st_stairs_13,
          nicolae_figureground_sparkle
D:4:      layout_rooms, mainiacjoe_overflow_alcove_1, minmay_temple_entry_grid,
          gammafunk_ghost_abyssal_escape, uniq_pikel, uniq_edmund
D:5:      layout_layer_cave, nicolae_elyvilon_peaceful_grove, serial_shops,
          nicolae_shop_statue_plus, shop_statue,
          nicolae_shop_bloodbath_and_beyond, shop, minmay_bent
D:6:      layout_rooms, minmay_misc_feat_enclosed
D:7:      cheibrodos_iron_armory, layout_gridville, cheibrodos_ashenzari_chains,
          nicolae_ru_path_of_blood, serial_shops, shop, grunt_livestock,
          uniq_joseph
D:8:      layout_loops_ring, grunt_temple_overflow_open, erik_lair_island,
          grunt_ministairs_9, uniq_grum
D:9:      layout_loops_corners, overflow_temple_1_default, david_orc_4,
          serial_ice, serial_ice_m, serial_ice_f, serial_ice_e, serial_ice_g,
          serial_ice_o, serial_ice_c, serial_ice_l, serial_ice_d, serial_ice_a,
          serial_ice_b, uniq_erica
D:10:     hangedman_cross_veins, layout_irregular_city, old_standard_altar,
          lemuel_crystal_altar, corexii_corridor_pit, uniq_gastronok,
          uniq_josephine
Temple:   hellmonk_temple_of_storms
Lair:1:   layout_roguey, gammafunk_ghost_grave
Lair:2:   layout_cave_pods, skrybe_swamp_entry_bodies,
          minmay_snake_entry_guardpost_small, lemuel_fruit_fields,
          grunt_megastairs_3
Lair:3:   layout_cave_pods, pf_torpor_hydra

Skill      XL: |  1  2  3  4  5  6  7  8  9 10 11 12 |
---------------+-------------------------------------+-----
Stealth        | 2 3 4 5 6 7 8 |  8.3
Dodging        | 2 3 4 5 6 7 |  7.5
Fighting       | 1 2 3 4 5 7 |  7.6
Spellcasting   | 3 4 5 6 7 |  7.7
Hexes          | 1 2 3 4 5 |  5.0
Air Magic      | 1 2 3 4 5 |  5.0
Poison Magic   | 1 2 3 4 5 |  5.0
Conjurations   | 5 6 7 8 9 |  9.0
Maces & Flails | 1 2 4 5 6 |  6.1
Translocations | 1 |  1.9

Action                   |  1- 3 |  4- 6 |  7- 9 | 10-12 || total
-------------------------+-------+-------+-------+-------++-------
Melee: Unarmed           |    14 |       |       |       ||    14
       Dagger            |    38 |    22 |    60 |    23 ||   143
       Headbutt          |     9 |     6 |    39 |    84 ||   138
       Punch             |     2 |     1 |     1 |       ||     4
       Mace              |       |       |    94 |   287 ||   381
       Staff             |       |       |       |    22 ||    22
       Scimitar          |       |       |       |    17 ||    17
 Cast: Magic Dart        |    32 |    24 |    23 |    51 ||   130
       Searing Ray       |    16 |    18 |    23 |    74 ||   131
       Dazzling Flash    |       |       |    10 |     6 ||    16
       Stone Arrow       |       |       |       |     8 ||     8
       Mephitic Cloud    |       |       |       |     6 ||     6
       Ensorcelled Hiber |       |       |       |     4 ||     4
       Iskenderun's Myst |       |       |       |    38 ||    38
Invok: Potion Petition   |       |       |       |     1 ||     1
 Abil: Evoke Blink       |       |       |       |     1 ||     1
Evoke: Wand              |       |       |       |     1 ||     1
  Use: Scroll            |       |    13 |     7 |    11 ||    31
       Potion            |       |     2 |     4 |     4 ||    10
 Stab: Sleeping          |     5 |     2 |     4 |    10 ||    21
       Invisible         |       |       |     2 |     1 ||     3
       Distracted        |       |       |     1 |     2 ||     3
       Confused          |       |       |       |     3 ||     3
Armor: Robe              |    21 |    25 |   100 |   170 ||   316
Dodge: Dodged            |    53 |    34 |   196 |   350 ||   633
Block: Buckler           |       |       |    22 |    88 ||   110
